 Dungeon Crawl Stone Soup version 0.31.0-32-g396128a36d (webtiles) character file.

Game seed: 17450805436244399823

31542 kwass the Covert (level 13, -9/79 HPs)
             Began as an Octopode Monk on Apr 12, 2024.
             Was an Elder of Hepliaklqana.
             Killed from afar by a kobold blastminer (34 damage)
             ... with an iron shot
             ... on level 2 of the Orcish Mines on Apr 13, 2024.
             The game lasted 01:01:57 (20184 turns).

kwass the Covert (Octopode Monk)                   Turns: 20184, Time: 01:01:58

Health: -9/79      AC:  5    Str: 10    XL:     13   Next: 58%
Magic:  17/17      EV: 25    Int: 17    God:    Hepliaklqana [****..]
Gold:   1129       SH:  0    Dex: 21    Spells: 11/15 levels left

rFire   . . .        A - +3 dagger (venom)
rCold   . . .        c - orb {light}
rNeg    . . .        (helmet restricted)
rPois   +            (no amulet)
rElec   .            h - +5 ring of evasion
rCorr   .            C - +6 ring of dexterity
SInv    .            T - ring of poison resistance
Will    .....        Z - +4 ring of protection
Stlth   +++          (no ring)
HPRegen 0.33/turn    (no ring)
MPRegen 0.15/turn    (no ring)
                     (no ring)

%: no passive effects
@: glowing, studying Shields
A: reduced essence, almost no armour, amphibious, 8 rings, camouflage 1,
gelatinous body 1, (nimble swimmer 1), tentacles
a: Renounce Religion, Recall Ancestor, Ancestor Identity, Transference, Idealise


You were on level 2 of the Orcish Mines.
You worshipped Hepliaklqana.
Hepliaklqana was greatly pleased with you.
You visited 3 branches of the dungeon, and saw 14 of its levels.
You also visited: Bailey.

You collected 1420 gold pieces.
You spent 291 gold pieces at shops.

Inventory:

Hand Weapons
 A - a +3 dagger of venom (weapon)
 J - a +5 broad axe
 R - a +4 dagger of distortion
Missiles
 e - 15 poisoned darts
 u - 2 throwing nets (quivered)
 v - 42 boomerangs
 S - 2 curare-tipped darts
 X - 6 datura-tipped darts
Armour
 c - an orb of light (worn)
Jewellery
 h - a +5 ring of evasion (left tentacle)
 C - a +6 ring of dexterity (right tentacle)
 O - the amulet of Lady Luck {RegenMP rC- Int+6}
   (You found it on level 7 of the Dungeon)

   [amulet of magic regeneration]

   RegenMP:   It increases your rate of magic regeneration.
   Int+6:     It affects your intelligence (+6).
   rC-:       It makes you vulnerable to cold.
 T - a ring of poison resistance (on tentacle)
 Z - a +4 ring of protection (on tentacle)
Talismans
 q - a blade talisman
 t - a flux talisman
 B - a serpent talisman
Wands
 x - a wand of paralysis (11)
 D - a wand of polymorph (6)
 E - a wand of flame (12)
Scrolls
 a - a scroll of torment
 b - a scroll of enchant armour
 g - a scroll of vulnerability
 i - 2 scrolls of immolation
 o - 3 scrolls of enchant weapon
 y - 2 scrolls of fog
 G - 2 scrolls of blinking
 H - 2 scrolls of revelation {unknown}
 I - 2 scrolls of butterflies
 Q - 2 scrolls of fear
 V - 2 scrolls of teleportation
 W - a scroll of noise
 Y - a scroll of amnesia {unknown}
Potions
 d - 7 potions of brilliance
 f - 2 potions of attraction
 j - 2 potions of magic
 k - 6 potions of enlightenment {unknown}
 m - a potion of mutation
 n - 3 potions of curing
 p - a potion of haste
 r - a potion of might
 s - 2 potions of invisibility
 w - 4 potions of lignification {unknown}
 F - 3 potions of cancellation
 L - a potion of experience
Miscellaneous
 l - a lightning rod (4/4)
 K - a phantom mirror (inert)
 N - a box of beasts
 P - a phial of floods


   Skills:
 + Level 8.2 Fighting
 - Level 10.0 Short Blades
 + Level 8.7 Throwing
 + Level 9.1 Dodging
 - Level 10.0 Stealth
 * Level 6.2 Shields
 * Level 1.6 Spellcasting
 * Level 6.6 Invocations
 * Level 7.0 Evocations
 * Level 8.5 Shapeshifting


You had 11 spell levels left.
You knew the following spells:

 Your Spells              Type           Power      Damage    Failure   Level
a - Summon Blazeheart Go  Fire/Summ      1%         N/A       90%         4

Your spell library contained the following spells:

 Spells                   Type           Power      Damage    Failure   Level
 Ensorcelled Hibernation  Hex/Ice        2%         N/A       30%         2
 Lesser Beckoning         Tloc           2%         N/A       30%         2
 Fugue of the Fallen      Necr           1%         N/A       52%         3
 Gell's Gravitas          Tloc           1%         N/A       52%         3
 Ozocubu's Armour         Ice            1%         N/A       52%         3
 Passwall                 Erth           1%         N/A       52%         3
 Stone Arrow              Conj/Erth      2%         3d7       52%         3
 Swiftness                Air            1%         N/A       52%         3
 Teleport Other           Tloc           1%         N/A       52%         3
 Anguish                  Hex/Necr       0%         N/A       90%         4
 Cause Fear               Hex            0%         N/A       90%         4
 Manifold Assault         Tloc           1%         N/A       90%         4
 Dispersal                Tloc           0%         N/A       100%        6
 Enfeeble                 Hex            0%         N/A       100%        7
 Disjunction              Tloc           0%         N/A       100%        8
 Lehudib's Crystal Spear  Conj/Erth      0%         10d2      100%        8
 Summon Horrible Things   Summ           0%         N/A       100%        8
 Animate Armour           Summ/Erth      Unusable   N/A       N/A         4

Dungeon Overview and Level Annotations

Branches:
Dungeon (11/15)            Temple (1/1) D:6            Lair (0/5) D:11
    Orc (2/2) D:11            Elf (0/3) Orc:2        Bailey (visited)

Altars:
Ashenzari
Cheibriados
Dithmenos
Elyvilon
Fedhas
Gozag
Hepliaklqana
Kikubaaqudgha
Makhleb
Nemelex Xobeh
Okawaru
Qazlal
Ru
Sif Muna
Trog
Uskayaw
Vehumet
Wu Jian
Xom
Yredelemnul
Zin
The Shining One

Shops:
D:2 *   D:9 *   Orc:1 :

Annotations:
D:4 1 runed translucent door, aheadsoundss's ghost, novice TrSh
D:7 1 runed translucent door


Innate Abilities, Weirdness & Mutations

Your life essence is reduced to manifest your ancestor. (-10% HP)
You cannot wear most types of armour.
You are amphibious.
You can wear up to eight rings at the same time.
Your skin changes colour to match your surroundings (Stealth+).
Your rubbery body absorbs attacks. (AC +1, EV +1)
((You are camouflaged when in or above water. (Stealth+)))
You have tentacles for arms and can constrict up to eight enemies at once.


Message History

The arrow misses you.
Nenetl gestures at the centaur while chanting.
The centaur appears confused.
A centaur is nearby!
A centaur is nearby!
The centaur grins madly.
Nenetl casts a spell at the centaur.
The centaur seems to slow down.
The centaur asks, "Where am I?"
The centaur gestures wildly.
You catch the helpless centaur completely off-guard!
You impale the centaur!!
You kill the centaur!
You start resting.
The kobold blastminer shoots an arrow.
The arrow completely misses you.
You feel yourself speed up.
Nenetl casts a spell at the kobold blastminer.
The kobold blastminer appears confused.
Nenetl points at the kobold blastminer and mumbles some strange words.
The kobold blastminer resists with significant effort.
The kobold blastminer shouts!
You hit the kobold blastminer.
The kobold blastminer is poisoned.
You grab the kobold blastminer.
You tentacle-slap the kobold blastminer, but do no damage.
The kobold blastminer is lightly wounded.
You constrict the kobold blastminer, but do no damage.
The kobold blastminer shoots a bolt.
The bolt completely misses you.
You strike the helpless kobold blastminer from behind!
You perforate the kobold blastminer like a sieve!!!
You kill the kobold blastminer!
Your lightning rod (4/4) has regained one charge.
Your Evocations skill increases to level 7!
Unknown command.
The kobold blastminer blasts its cannon at you.
The iron shot hits you!
Nenetl gestures at the kobold blastminer while chanting.
The kobold blastminer resists with significant effort.
The kobold blastminer blasts its cannon at you.
The iron shot hits you!!
You die...

............#...............####.
.............................##..
#................................
......................##.....)).)
.......................#.).<.)[.[
....#....)..............#.)[.....
#.............................[..
##.#........R..................[.
#...#..........)@.........).)..).
##.####............K.............
###.#............°...........)[.
.#.............................[.
.................#.............[.
.................##....[.....[..[
.#....#.......#.##............[[.
##.###...##......#.#...#.#...)[[
## ....# .......#.............


You could see the friendly Nenetl the hexer (slow) and a kobold blastminer (ally
target).

Vanquished Creatures
  2 orc warlords
  Snorg (D:10)
  A hydra (D:11)
  3 two-headed ogres
  An orc knight (Orc:1)
  2 cyclopes
  A manticore (D:11)
  8 kobold blastminers
  2 unseen horror zombies (D:9)
  5 trolls
  Prince Ribbit (D:9)
  2 hornets
  A slime creature (D:7)
  2 shadows (D:11)
  4 wraiths
  18 yaks
  A fire elemental (Orc:1)
  3 vampire mosquitoes
  2 two-headed ogre zombies (D:11)
  5 hell hounds
  3 acid dragons
  2 water moccasins
  3 black bears
  25 orc warriors
  2 ice beasts
  6 centaurs
  6 ogres
  A phantom (D:7)
  7 bullfrogs
  4 kobold brigands
  6 scorpions
  3 wights
  2 killer bees (D:10)
  4 howler monkeys
  A hexer (D:11)
  2 gnoll boudas (D:7)
  A jelly (D:8)
  A hound (D:6)
  8 orc priests
  4 iguanas
  2 sleepcaps
  12 orc wizards
  4 ogre zombies (D:11)
  6 gnolls
  10 adders
  2 shadow imps (D:8)
  5 white imps
  4 ufetubi
  A dart slug (D:4)
  A ribbon worm (D:4)
  40 orcs
  5 ball pythons
  2 bats (D:1)
  6 endoplasms
  3 giant cockroaches
  19 goblins
  8 hobgoblins
  6 jackals
  3 quokkas
  3 frilled lizards (D:1)
  3 gnoll skeletons (D:11)
  24 kobolds
  8 orc skeletons (D:11)
  9 orc zombies (D:11)
  4 rats
346 creatures vanquished.

Vanquished Creatures (collateral kills)
  Azrael (Orc:2)
  An orc knight (Bailey)
  4 kobold blastminers (Orc:1)
  A gargoyle (D:7)
  A komodo dragon (D:7)
  Psyche (D:8)
  A troll (D:11)
  A hornet (D:8)
  A shadow (D:11)
  12 yaks
  5 wraiths
  A fire elemental (Orc:1)
  2 vampire mosquitoes (D:11)
  2 water moccasins (D:11)
  A hell hound (Orc:2)
  7 orc warriors
  2 ice beasts
  3 ogres
  A kobold brigand (D:10)
  A spectral wyvern (D:9)
  A bullfrog (D:11)
  5 wights (D:10)
  A hexer (Orc:1)
  A killer bee (D:10)
  4 howler monkeys
  A centaur skeleton (D:9)
  A gnoll bouda (D:8)
  2 orc priests
  2 sleepcaps (D:7)
  2 orc wizards
  2 ogre zombies (D:11)
  A gnoll (D:8)
  A howler monkey skeleton (D:9)
  6 orcs
  A gnoll zombie (D:11)
  A goblin (D:7)
  A hobgoblin (Bailey)
  3 kobolds
  3 orc zombies (D:11)
88 creatures vanquished.

Vanquished Creatures (others)
  An ogre (Orc:2)
  16 hexers
  An orc (Orc:2)
18 creatures vanquished.

Grand Total: 452 creatures vanquished

Notes
Turn   | Place    | Note
-------+----------+-------------------------------------------
     0 | D:1      | kwass the Octopode Monk began the quest for the Orb.
     0 | D:1      | Reached XP level 1. HP: 16/16 MP: 1/1
   120 | D:1      | Reached XP level 2. HP: 21/21 MP: 2/2
   421 | D:1      | Reached XP level 3. HP: 26/26 MP: 3/3
  1012 | D:2      | Found a snail-covered altar of Cheibriados.
  1125 | D:2      | Found Josk's Assorted Antiques.
  1138 | D:2      | Bought a scroll labelled QORARIYNKI for 23 gold pieces
  1138 | D:2      | Bought a murky yellow potion for 20 gold pieces
  1324 | D:2      | Got Mayv Cod's Codex of Creation and Places
  1827 | D:3      | Reached XP level 4. HP: 32/32 MP: 4/4
  1877 | D:3      | Found a radiant altar of Vehumet.
  2091 | D:4      | Reached skill level 1 in Stealth
  2179 | D:4      | Noticed a scorpion
  2191 | D:4      | Killed a scorpion
  2192 | D:4      | Reached XP level 5. HP: 31/37 MP: 5/5
  2249 | D:4      | Learned a level 4 spell: Summon Blazeheart Golem
  2393 | D:4      | Found a basalt altar of Yredelemnul.
  2432 | D:4      | Found a runed translucent door.
  2434 | D:4      | Noticed aheadsoundss's ghost (novice TrSh)
  2447 | D:4      | Reached skill level 1 in Shapeshifting
  2648 | D:4      | Reached XP level 6. HP: 32/43 MP: 6/6
  2955 | D:5      | Entered Level 5 of the Dungeon
  3535 | D:5      | Found a shimmering blue altar of Sif Muna.
  3592 | D:5      | Got Sif Muna's Octavo of the Sphinx
  3597 | D:5      | Found a bloodstained altar of Trog.
  3597 | D:5      | Noticed an orc warrior
  3608 | D:5      | Killed an orc warrior
  3609 | D:5      | Reached skill level 5 in Short Blades
  3609 | D:5      | Reached XP level 7. HP: 14/48 MP: 7/7
  4617 | D:6      | Reached skill level 1 in Throwing
  4725 | D:6      | Reached XP level 8. HP: 35/54 MP: 8/8
  4831 | D:6      | Reached skill level 5 in Dodging
  4924 | D:6      | Found a staircase to the Ecumenical Temple.
  4933 | Temple   | Entered the Ecumenical Temple
  4964 | Temple   | Became a worshipper of Hepliaklqana the Forgotten
  4964 | Temple   | Reached * piety under Hepliaklqana
  4964 | Temple   | Reached ** piety under Hepliaklqana
  4965 | Temple   | Remembered your ancestor Nenetl as a hexer
  5539 | D:6      | Reached skill level 5 in Fighting
  5900 | D:7      | Found a flagged portal.
  5910 | Bailey   | Entered a bailey
  5949 | Bailey   | Noticed an orc warlord
  6069 | Bailey   | Reached XP level 9. HP: 42/54 MP: 9/9
  6163 | Bailey   | Noticed an orc knight
  6221 | Bailey   | Killed an orc knight
  6222 | Bailey   | Reached skill level 5 in Stealth
  6489 | Bailey   | Found a runed translucent gate.
  6491 | Bailey   | Found a runed translucent gate.
  6493 | Bailey   | Found a runed translucent gate.
  6659 | Bailey   | Killed an orc warlord
  6660 | Bailey   | Reached skill level 5 in Shapeshifting
  6660 | Bailey   | Reached XP level 10. HP: 26/61 MP: 10/10
  7093 | D:7      | Found a runed translucent door.
  7094 | D:7      | Noticed a cyclops
  7094 | D:7      | Found a runed translucent door.
  7095 | D:7      | Found a runed translucent door.
  8020 | D:7      | Killed a cyclops
  8557 | D:7      | Noticed a gargoyle
  8575 | D:7      | Killed a gargoyle
  8752 | D:7      | Reached skill level 5 in Throwing
  9162 | D:7      | Identified the amulet of Lady Luck {RegenMP rC- Int+6}
  9177 | D:7      | Identified the +9 plate armour of Inaction {+Inv MP+9}
  9381 | D:8      | Reached *** piety under Hepliaklqana
  9386 | D:8      | Found a shadowy altar of Dithmenos.
  9406 | D:8      | Reached skill level 1 in Evocations
  9412 | D:8      | Noticed Psyche
  9624 | D:8      | Reached XP level 11. HP: 13/66 MP: 11/11
  9625 | D:8      | Killed Psyche
  9626 | D:8      | Reached skill level 1 in Invocations
 10050 | D:8      | Noticed a two-headed ogre
 10062 | D:8      | Killed a two-headed ogre
 10255 | D:8      | Found a broken altar of Ashenzari.
 10547 | D:9      | Found Xaukhiyf's General Store.
 10560 | D:9      | Bought a scroll of butterflies for 64 gold pieces
 10560 | D:9      | Bought a scroll of teleportation for 48 gold pieces
 10560 | D:9      | Bought a scroll of blinking for 120 gold pieces
 10560 | D:9      | Bought a scroll of noise for 16 gold pieces
 10894 | D:9      | Found a glowing silver altar of Zin.
 10895 | D:9      | Noticed Prince Ribbit
 10907 | D:9      | Killed Prince Ribbit
 12006 | D:10     | Entered Level 10 of the Dungeon
 12136 | D:10     | Reached **** piety under Hepliaklqana
 12281 | D:10     | Noticed a two-headed ogre
 12291 | D:10     | Killed a two-headed ogre
 12292 | D:10     | Reached XP level 12. HP: 31/72 MP: 13/15
 13103 | D:10     | Noticed Snorg
 13113 | D:10     | Killed Snorg
 13114 | D:10     | Reached skill level 10 in Stealth
 13256 | D:11     | Noticed a two-headed ogre
 13260 | D:11     | Killed a two-headed ogre
 13261 | D:11     | Reached skill level 5 in Evocations
 13352 | D:11     | Found a blossoming altar of Fedhas.
 13451 | D:11     | Reached skill level 1 in Shields
 13975 | D:11     | Reached skill level 5 in Invocations
 14389 | D:11     | Found a staircase to the Lair.
 14508 | D:11     | Noticed a six-headed hydra
 14520 | D:11     | Killed a six-headed hydra
 14653 | D:11     | Found a staircase to the Orcish Mines.
 15225 | Orc:1    | Entered Level 1 of the Orcish Mines
 15320 | Orc:1    | Found Nuottut's Vocational Training.
 15572 | Orc:1    | Reached XP level 13. HP: 59/79 MP: 17/17
 15796 | Orc:1    | Reached skill level 5 in Shields
 16301 | Orc:2    | Entered Level 2 of the Orcish Mines
 16665 | Orc:2    | Noticed an orc warlord
 16721 | Orc:2    | Found a staircase to the Elven Halls.
 16733 | Orc:1    | Reached skill level 10 in Short Blades
 18246 | Orc:1    | Killed an orc warlord
 18348 | Orc:2    | Noticed Azrael
 19251 | Orc:2    | Killed Azrael
 19252 | Orc:2    | Reached skill level 1 in Spellcasting
 20184 | Orc:2    | Killed from afar by a kobold blastminer

Illustrated notes

Levels and vault maps discovered:
D:1:      sevenhm_arrival_forest_fort_small_4, layout_loops_ring
D:2:      layout_basic, serial_shops, nicolae_shop_overgrown_old_shop,
          basic_altar
D:3:      layout_rooms, vehumet_crystals
D:4:      minmay_diamond_boxcup, layout_loops_ring,
          mainiacjoe_overflow_surrounded_room, ebering_ghost_sewer_d,
          amethyst_killhole
D:5:      layout_basic, nzn_overflow_gifts_of_might_and_magic
D:6:      layout_loops_cross, minmay_temple_entry_statues_fountains,
          minmay_ogre_servants
D:7:      minmay_the_grid_triangle_9x9_rhombus_full
          [minmay_the_grid_triangle_9x9_minimal,
          minmay_the_grid_triangle_9x9_dagger,
          minmay_the_grid_triangle_9x9_pentomino_pain,
          minmay_the_grid_triangle_9x9_sprig,
          minmay_the_grid_triangle_9x9_fully_insulated_deathbox,
          minmay_the_grid_triangle_9x9_zippers_horizontal,
          minmay_the_grid_triangle_9x9_zippers_vertical,
          minmay_the_grid_triangle_9x9_prize_insulated], layout_loops_ring,
          enter_bailey_3
D:8:      layout_gridville, kennysheep_mini, grunt_dithmenos_smoke_and_mirrors,
          minmay_chambers_of_fives, uniq_psyche
D:9:      layout_loops_cross, mainiacjoe_overflow_paths, serial_shops,
          nicolae_stop_n_shop_1, hangedman_weighted_door, hive_lemuel,
          uniq_prince_ribbit1
D:10:     layout_irregular_city, uniq_snorg
D:11:     layout_rooms, due_lair_maze_entry_diamond, zombieorc2_lemuel,
          fedhas_altar_2
Temple:   eino_wide_crystal_templ
Orc:1:    layout_caves, nicolae_shop_vocational
Orc:2:    st_orc_rangers, layout_caves, uniq_josephine, uniq_azrael

Skill      XL: |  1  2  3  4  5  6  7  8  9 10 11 12 13 |
---------------+----------------------------------------+-----
Stealth        | 1 2 3 4 6 8 9 10 | 10.0
Short Blades   | 4 5 6 7 8 9 10 | 10.0
Shapeshifting  | 1 2 3 4 5 6 7 8 |  8.5
Fighting       | 4 5 6 7 8 |  8.2
Dodging        | 4 5 6 7 8 9 |  9.1
Throwing       | 1 3 5 6 8 |  8.7
Evocations     | 1 4 6 7 |  7.0
Invocations    | 4 5 6 |  6.6
Shields        | 4 6 |  6.2
Spellcasting   | 1 |  1.6

Action                     |  1- 3 |  4- 6 |  7- 9 | 10-12 | 13-15 || total
---------------------------+-------+-------+-------+-------+-------++-------
  Melee: Short sword       |    67 |   109 |    49 |       |       ||   225
         Tentacles         |    18 |    41 |    50 |   231 |    92 ||   432
         Constrict         |    25 |    26 |    53 |    83 |    44 ||   231
         Punch             |     2 |       |     2 |    18 |     5 ||    27
         Rapier            |       |       |    13 |       |       ||    13
         Dagger            |       |       |   117 |   591 |   218 ||   926
  Throw: Boomerang         |       |     9 |    34 |   120 |     1 ||   164
         Dart              |       |       |       |    62 |    29 ||    91
         Throwing net      |       |       |       |       |     1 ||     1
 Invoke: Ancestor Life: He |       |       |     1 |       |       ||     1
         Recall Ancestor   |       |       |       |     8 |     3 ||    11
         Idealise          |       |       |       |     2 |     2 ||     4
  Evoke: Wand              |       |       |     3 |     3 |     4 ||    10
         Phantom mirror    |       |       |       |     1 |     1 ||     2
         Lightning rod     |       |       |       |     5 |     2 ||     7
         Phial of floods   |       |       |       |     1 |       ||     1
    Use: Potion            |       |     4 |       |     2 |     3 ||     9
         Scroll            |       |       |       |    16 |       ||    16
   Stab: Sleeping          |     2 |     3 |     3 |     5 |       ||    13
         Confused          |       |       |     1 |    26 |     8 ||    35
         Distracted        |       |       |     1 |    15 |     3 ||    19
         Paralysed         |       |       |     3 |     1 |     1 ||     5
 Armour: Skin              |    18 |    34 |    62 |   150 |    91 ||   355
  Dodge: Dodged            |    36 |    74 |   141 |   399 |   275 ||   925
